 Dungeon Crawl Stone Soup version 0.24-a0-309-g1095bca (webtiles) character file.

Game seed: 4077723625806219987

138 MisterFreud the Skirmisher (level 5, -5/43 HPs)
             Began as a Gnoll Wanderer on May 14, 2019.
             Was an Initiate of Ashenzari.
             Killed by nerve-wracking pain
             ... invoked by an orc priest
              (14 damage)
             ... on level 3 of the Dungeon.
             The game lasted 00:06:28 (4100 turns).

MisterFreud the Skirmisher (Gnoll Wanderer)         Turns: 4100, Time: 00:06:29

Health: -5/43      AC:  4    Str: 20    XL:     5   Next: 21%
Magic:  7/7        EV: 13    Int: 13    God:    Ashenzari [......]
Gold:   120        SH:  0    Dex: 11    Spells: 6/6 levels left

rFire    . . .     SeeInvis .   a - +2 dagger
rCold    . . .     Gourm    .   (no shield)
rNeg     . . .     Faith    .   d - +0 robe
rPois    .         Spirit   .   b - +2 hat
rElec    .         Reflect  .   (no cloak)
rCorr    .         Harm     .   (no gloves)
MR       .....                  (no boots)
Stlth    ++........             (no amulet)
HPRegen  0.14/turn              (no ring)
MPRegen  0.10/turn              (no ring)

@: no status effects
A: distributed training, fangs 1, strong nose
a: Curse Item, Renounce Religion


You were on level 3 of the Dungeon.
You worshipped Ashenzari.
Ashenzari was noncommittal.
You were hungry.

You visited 1 branch of the dungeon, and saw 3 of its levels.

You collected 120 gold pieces.

Inventory:

Hand Weapons
 a - a +2 dagger (weapon)
Missiles
 g - 3 atropa-tipped darts
 k - 18 arrows
 n - 38 stones (quivered)
 r - 5 javelins
 s - 23 bolts
Armour
 b - a +2 hat (worn)
 d - a +0 robe (worn)
Scrolls
 c - a scroll of teleportation
 e - a scroll of remove curse
 i - a scroll of fog {unknown}
 j - a scroll of blinking {unknown}
 p - 2 scrolls of identify
Potions
 h - 2 potions of invisibility
 l - a potion of mutation
 m - a potion of flight
 o - a potion of agility
 q - a potion of lignification
 t - a potion of might
 u - a potion of curing
Comestibles
 f - 9 rations


   Skills:
 + Level 4.7 Fighting
 + Level 1.4 Short Blades
 + Level 1.4 Long Blades
 + Level 1.4 Axes
 + Level 1.4 Maces & Flails
 + Level 1.4 Polearms
 + Level 1.4 Staves
 + Level 1.4 Slings
 + Level 1.4 Bows
 + Level 1.4 Crossbows
 + Level 1.4 Throwing
 + Level 1.4 Armour
 + Level 2.9 Dodging
 + Level 4.3 Stealth
 + Level 1.4 Shields
 + Level 2.9 Unarmed Combat
 + Level 1.4 Spellcasting
 + Level 1.1 Conjurations
 + Level 3.9 Hexes
 + Level 2.3 Charms
 + Level 1.1 Summonings
 + Level 1.1 Necromancy
 + Level 1.1 Translocations
 + Level 1.1 Transmutations
 + Level 1.1 Fire Magic
 + Level 1.1 Ice Magic
 + Level 1.1 Air Magic
 + Level 1.1 Earth Magic
 + Level 1.1 Poison Magic
 + Level 1.5 Invocations
 + Level 2.9 Evocations


You had 6 spell levels left.
You didn't know any spells.
Your spell library was empty.

Dungeon Overview and Level Annotations

Branches:
Dungeon (3/15)

Altars:
Ashenzari
Fedhas
Makhleb

Annotations:
D:2 Sigmund


Innate Abilities, Weirdness & Mutations

Your experience applies equally to all skills.
You have very sharp teeth.
Your uncanny sense of smell can sniff out nearby items.


Message History

The orc priest is almost dead.
The orc priest barely misses you.
You barely miss the orc priest.
The orc priest is almost dead.
You barely miss the orc priest.
The orc priest is almost dead.
You are feeling hungry.
The orc priest invokes the aid of Beogh against you.
Beogh smites you!
* * * LOW HITPOINT WARNING * * *
You hear a shout!
You barely miss the orc priest.
The orc priest is almost dead.
You hear an angry hiss.
The orc priest looks braver for a moment.
You closely miss the orc priest. You bite the orc priest.
The orc priest is almost dead.
The orc priest mumbles some strange prayers to Beogh against you.
Pain shoots through your body!
You die...

.####.......#####..#
...................# ###
............####..# #...
#..............#..##..# ###
.....................# ..#
#..............#...## #.#
#........#.###......#######.###
#####.......##(#[..%....#.....#
#)......(.<.@o......o.....#
#.....(..#.####...##...<..#
...........#..%...........o...#
#####......###........###.....#
#...$..# #.?......# ##....#
#......# #........# ##...#
#......# #.....$..# #####
#......# #........# ########
#########


You could see an orc priest.

Vanquished Creatures
  Jessica (D:2)
  An orc wizard (D:2)
  4 adders
  An ooze (D:3)
  2 leopard geckos (D:2)
  3 orcs
  4 bats
  3 giant cockroaches
  6 goblins
  5 hobgoblins
  4 frilled lizards
  5 kobolds
  3 rats
42 creatures vanquished.

Vanquished Creatures (others)
  A giant cockroach (D:3)
1 creature vanquished.

Grand Total: 43 creatures vanquished

Notes
Turn   | Place    | Note
-------+----------+-------------------------------------------
     0 | D:1      | MisterFreud the Gnoll Wanderer began the quest for the Orb.
     0 | D:1      | MisterFreud set off with the following items: a +2 dagger,
                  | a potion of heal wounds, a scroll of teleportation, a +0
                  | robe, a ration
     0 | D:1      | Reached XP level 1. HP: 20/20 MP: 2/2
   309 | D:1      | Reached XP level 2. HP: 26/26 MP: 3/3
   896 | D:1      | You fall through a shaft!
  1071 | D:2      | Reached XP level 3. HP: 20/31 MP: 4/4
  1288 | D:2      | Noticed Sigmund
  1351 | D:3      | Reached skill level 1 in Invocations
  1791 | D:3      | Reached skill level 1 in Short Blades
  1791 | D:3      | Reached skill level 1 in Long Blades
  1791 | D:3      | Reached skill level 1 in Axes
  1791 | D:3      | Reached skill level 1 in Maces & Flails
  1791 | D:3      | Reached skill level 1 in Polearms
  1791 | D:3      | Reached skill level 1 in Staves
  1791 | D:3      | Reached skill level 1 in Slings
  1791 | D:3      | Reached skill level 1 in Bows
  1791 | D:3      | Reached skill level 1 in Crossbows
  1791 | D:3      | Reached skill level 1 in Throwing
  1791 | D:3      | Reached skill level 1 in Armour
  1791 | D:3      | Reached skill level 1 in Shields
  1791 | D:3      | Reached skill level 1 in Spellcasting
  1835 | D:3      | Reached XP level 4. HP: 9/38 MP: 6/6
  2100 | D:2      | Found a shattered altar of Ashenzari.
  2223 | D:2      | Found a blossoming altar of Fedhas.
  2228 | D:2      | Noticed Jessica
  2249 | D:2      | Killed Jessica
  2249 | D:2      | Reached skill level 1 in Conjurations
  2249 | D:2      | Reached skill level 1 in Summonings
  2249 | D:2      | Reached skill level 1 in Necromancy
  2249 | D:2      | Reached skill level 1 in Translocations
  2249 | D:2      | Reached skill level 1 in Transmutations
  2249 | D:2      | Reached skill level 1 in Fire Magic
  2249 | D:2      | Reached skill level 1 in Ice Magic
  2249 | D:2      | Reached skill level 1 in Air Magic
  2249 | D:2      | Reached skill level 1 in Earth Magic
  2249 | D:2      | Reached skill level 1 in Poison Magic
  2612 | D:2      | Found a burning altar of Makhleb.
  2685 | D:2      | Became a worshipper of Ashenzari the Shackled
  3741 | D:2      | HP: 1/38 [orc wizard/+0 dagger (5)]
  3745 | D:2      | Reached XP level 5. HP: 2/43 MP: 7/7
  4100 | D:3      | Killed from afar by an orc priest

Levels and vault maps discovered:
D:1:      dpeg_arrival_yet_another_circle, layout_basic
D:2:      layout_basic, gammafunk_temple_overflow_statue,
          evilmike_ruin_ashenzari, overflow_temple_1_default, first_ration,
          solitary_fountain, uniq_jessica, uniq_sigmund
D:3:      layout_rooms, elyvilon_altar_4, lemuel_doored_altar

Skill      XL: |  1  2  3  4 |
---------------+-------------+-----
Charms         | 2 |  2.3
Invocations    | 1 |  1.5
Short Blades   | 1 |  1.4
Long Blades    | 1 |  1.4
Axes           | 1 |  1.4
Maces & Flails | 1 |  1.4
Polearms       | 1 |  1.4
Staves         | 1 |  1.4
Slings         | 1 |  1.4
Bows           | 1 |  1.4
Crossbows      | 1 |  1.4
Throwing       | 1 |  1.4
Armour         | 1 |  1.4
Shields        | 1 |  1.4
Spellcasting   | 1 |  1.4
Conjurations   | 1 |  1.1
Summonings     | 1 |  1.1
Necromancy     | 1 |  1.1
Translocations | 1 |  1.1
Transmutations | 1 |  1.1
Fire Magic     | 1 |  1.1
Ice Magic      | 1 |  1.1
Air Magic      | 1 |  1.1
Earth Magic    | 1 |  1.1
Poison Magic   | 1 |  1.1
Fighting       | |  4.7
Dodging        | |  2.9
Stealth        | |  4.3
Unarmed Combat | |  2.9
Hexes          | |  3.9
Evocations     | |  2.9

Action                   |  1- 3 |  4- 6 || total
-------------------------+-------+-------++-------
Melee: Dagger            |   104 |    68 ||   172
       Bite              |    13 |     9 ||    22
       Punch             |     1 |     1 ||     2
  Use: Scroll            |     4 |     3 ||     7
       Potion            |     1 |     1 ||     2
 Stab: Sleeping          |     7 |     1 ||     8
  Eat: Chunk             |     3 |     3 ||     6
       Ration            |       |     1 ||     1
Armor: Robe              |    17 |    11 ||    28
Dodge: Dodged            |    60 |    30 ||    90

Table legend:
 A = Non-vault XP
 B = Vault XP
 C = Vault XP percentage of total XP
 D = Non-vault monster count
 E = Vault monster count
 F = Vault count percentage of total count
                 A         B        C        D         E       F
            +---------+---------+-------+---------+---------+-------
      Total |     161 |      37 |  18.7 |      41 |       1 |   2.4
            +---------+---------+-------+---------+---------+-------
        D:1 |      26 |       0 |   0.0 |      16 |       0 |   0.0
        D:2 |      81 |      37 |  31.4 |      12 |       1 |   7.7
        D:3 |      54 |       0 |   0.0 |      13 |       0 |   0.0
            +---------+---------+-------+---------+---------+-------
